 Dungeon Crawl Stone Soup version 0.30-a0-709-gcdc1b43e22 (webtiles) character file.

Game seed: 1999211996016427423

46 Dartaoz the Insei (level 3, -10/26 HPs)
             Began as a Merfolk Transmuter on Jan 22, 2023.
             Killed from afar by Sigmund (12 damage)
             ... with a puff of flame
             ... on level 2 of the Dungeon.
             The game lasted 00:03:00 (1253 turns).

Dartaoz the Insei (Merfolk Transmuter)              Turns: 1253, Time: 00:03:01

Health: -10/26     AC:  4    Str: 12    XL:     3   Next: 66%
Magic:  6/6        EV: 12    Int: 12    God:
Gold:   78         SH:  0    Dex: 14    Spells: 3/6 levels left

rFire   . . .      SeeInvis .      - Unarmed
rCold   + . .      Faith    .    (no shield)
rNeg    . . .      Spirit   .    a - +0 robe
rPois   .          Reflect  .    g - +0 helmet
rElec   .          Harm     .    (no cloak)
rCorr   .          Rampage  .    k - +1 pair of gloves
Will    +....                    (no boots)
Stlth   +                        (no amulet)
HPRegen 0.24/turn                d - ring of protection from cold
MPRegen 0.10/turn                h - ring of willpower

@: no status effects
A: (nimble swimmer 2), mertail, deformed body, sense surroundings 1
a: no special abilities


You were on level 2 of the Dungeon.
You visited 1 branch of the dungeon, and saw 2 of its levels.

You collected 78 gold pieces.

Inventory:

Armour
 a - a +0 robe (worn)
 g - a +0 helmet (worn)
 k - a +1 pair of gloves (worn)
Jewellery
 d - a ring of protection from cold (left hand)
 h - a ring of willpower (right hand)
 l - a ring of protection from cold
Scrolls
 c - 2 scrolls of identify {unknown}
 f - a scroll of fog {unknown}
Potions
 b - a potion of lignification
 e - a potion of mutation
 i - a potion of heal wounds {unknown}
 j - a potion of curing {unknown}
 m - a potion of degeneration {unknown}
 n - a potion of flight {unknown}


   Skills:
 - Level 1.1 Fighting
 - Level 2.6 Dodging
 + Level 3.9 Unarmed Combat
 - Level 2.0 Spellcasting
 + Level 3.7 Transmutations
 + Level 1.8 Poison Magic


You had 3 spell levels left.
You knew the following spells:

 Your Spells              Type           Power      Damage    Failure   Level
a - Beastly Appendage     Tmut           20%        N/A       6%          1
b - Wereblood             Tmut           10%        N/A       9%          2

Your spell library contained the following spells:

 Spells                   Type           Power      Damage    Failure   Level
 Spider Form              Tmut/Pois      7%         N/A       26%         3
 Ice Form                 Ice/Tmut       5%         N/A       77%         4


Dungeon Overview and Level Annotations

Branches:
Dungeon (2/15)

Altars:

Annotations:
D:2 Sigmund


Innate Abilities, Weirdness & Mutations

((You are very nimble when in or above water. (Stealth+, EV+, Speed+++)))
Your lower body shifts to a powerful aquatic tail in water.
Armour fits poorly on your strangely shaped body.
You passively map a small area around you.


Message History

The adder bites you. Sigmund closely misses you.
You hit the adder. Your headbutt misses the adder.
The adder is almost dead.
Your transformation is almost over.
The adder closely misses you.
You closely miss the adder. Your headbutt misses the adder.
The adder is almost dead.
The adder barely misses you. Sigmund barely misses you.
The adder closely misses you.
You hit the adder.
You kill the adder!
Sigmund hits you from afar with a +0 scythe!
You are too injured to fight recklessly!
You hit Sigmund.
Sigmund is lightly wounded.
Sigmund hits you but does no damage.
You closely miss Sigmund. You headbutt Sigmund.
Sigmund is lightly wounded.
You barely miss Sigmund. You headbutt Sigmund.
Sigmund is moderately wounded.
Sigmund gestures at you while chanting. The puff of flame hits you.
You barely miss Sigmund.
Sigmund is moderately wounded.
Sigmund barely misses you.
You closely miss Sigmund. You headbutt Sigmund.
Sigmund is heavily wounded.
Sigmund hits you with a +0 scythe!
* * * LOW HITPOINT WARNING * * *
You hit Sigmund but do no damage. Your headbutt misses Sigmund.
Sigmund is heavily wounded.
Your horns disappear.
Your +0 helmet unmelds from your body.
You are too injured to fight recklessly!
It was a potion of mutation.
You feel extremely strange.
Your body twists and deforms.
You feel a strange attunement to the structure of the dungeons.
Sigmund casts a spell at you. The puff of flame hits you!
You die...

.#.# #.⌠.# * .#.#
#†8.# , * .#.###...#
#* , .....#...# .. *
, , ...####'## #. *
...# #...####.### ,#
...###.#.##.....# .#
...##.###.#.#.#.##..#
...##.# #.##....@@..#
,
...#.#####.##.#.#####
..##.#..##.##...# , *
..#.##...##.#..## *
..#.#....##.#..# *
#..............# * ,
##.##...######.# , *
#.###.### #.# #.#
#...# #.# *


You could see Sigmund.

Vanquished Creatures
  2 adders (D:2)
  A dart slug (D:1)
  2 bats
  4 endoplasms
  3 goblins
  2 hobgoblins (D:1)
  A kobold (D:2)
  4 ball pythons
  2 frilled lizards (D:2)
  3 rats
24 creatures vanquished.

Notes
Turn   | Place    | Note
-------+----------+-------------------------------------------
     0 | D:1      | Dartaoz the Merfolk Transmuter began the quest for the Orb.
     0 | D:1      | Reached XP level 1. HP: 15/15 MP: 3/3
   228 | D:1      | Reached XP level 2. HP: 15/21 MP: 3/5
   383 | D:1      | Reached skill level 1 in Poison Magic
   423 | D:1      | Learned a level 2 spell: Wereblood
   971 | D:2      | Reached XP level 3. HP: 26/26 MP: 2/6
  1233 | D:2      | Noticed Sigmund
  1251 | D:2      | HP: 1/26 [Sigmund/+0 scythe (8)]
  1253 | D:2      | Gained mutation: Armour fits poorly on your strangely
                  | shaped body. [potion of mutation]
  1253 | D:2      | Gained mutation: You passively map a small area around you.
                  | [potion of mutation]
  1253 | D:2      | Killed from afar by Sigmund

Illustrated notes

Levels and vault maps discovered:
D:1:      nicolae_arrival_memento_mori, layout_loops_ring, grunt_decor_cap
D:2:      minmay_angry_zag, layout_loops_ring, grunt_decor_clamped, uniq_sigmund

Skill      XL: |  1  2 |
---------------+-------+-----
Transmutations | 3 |  3.7
Poison Magic   | 1 |  1.8
Fighting       | |  1.1
Dodging        | |  2.6
Unarmed Combat | |  3.9
Spellcasting   | |  2.0

Action                     || total
---------------------------++-------
  Melee: Unarmed           ||    93
         Headbutt          ||    12
         Punch             ||     2
   Cast: Beastly Appendage ||    22
         Wereblood         ||     2
    Use: Potion            ||     1
 Armour: Robe              ||    27
  Dodge: Dodged            ||    66

Table legend: (Time is in decaauts)
 A = Elapsed time spent in this place.
 B = Non-inter-level travel time spent in this place.
 C = Inter-level travel time spent in this place.
 D = Time resting spent in this place.
 E = Time spent auto-exploring this place.
 F = Levels seen in this place.
 G = Mean time per level.
                   A        B        C        D        E       F      G
               +--------+--------+--------+--------+--------+-----+--------+
         Total |   1244 |   1228 |     16 |      0 |   1003 |   2 |  622.0 |
       Dungeon |   1244 |   1228 |     16 |      0 |   1003 |   2 |  622.0 |
               +--------+--------+--------+--------+--------+-----+--------+

Top non-repeatable levels by time:
     D:1: 910 daAuts
     D:2: 334 daAuts
